 Dungeon Crawl Stone Soup version 0.25-a0-464-g3004169c2b (webtiles) character file.

Game seed: 3260823402533364575, levelgen mode: deterministic

32 Gargoyl the Skirmisher (level 3, 31/31 HPs)
             Began as a Centaur Abyssal Knight on Feb 5, 2020.
             Was a Follower of Lugonu.
             Quit the game on level 2 of the Dungeon.
             The game lasted 00:02:21 (1268 turns).

Gargoyl the Skirmisher (Centaur Abyssal Knight)     Turns: 1268, Time: 00:02:22

Health: 31/31      AC:  4    Str: 10      XL:     3   Next: 10%
Magic:  4/4        EV: 10    Int: 10 (11) God:    Lugonu [*.....]
Gold:   52         SH:  0    Dex:  9      Spells: 2/2 levels left

rFire    . . .     SeeInvis .   a - +3 hand axe
rCold    . . .     Gourm    .   (no shield)
rNeg     . . .     Faith    .   b - +0 leather armour
rPois    .         Spirit   .   (no helmet)
rElec    .         Reflect  .   (no cloak)
rCorr    .         Harm     .   (no gloves)
MR       .....                  (no barding)
Stlth    ..........             (no amulet)
HPRegen  0.10/turn              d - +1 ring of evasion
MPRegen  0.09/turn              (no ring)

@: about to teleport, very quick
A: large, hooves 3, blurry vision 1, deformed body, speed 2, tough skin 3, weak
2
a: Depart the Abyss, Renounce Religion


You were on level 2 of the Dungeon.
You worshipped Lugonu.
Lugonu was aware of your devotion.
You were not hungry.

You visited 1 branch of the dungeon, and saw 2 of its levels.
You visited the Abyss 1 time.

You collected 52 gold pieces.

Inventory:

Hand Weapons
 a - a +3 hand axe (weapon)
Armour
 b - a +0 leather armour (worn)
Jewellery
 d - a +1 ring of evasion (left hand)
Scrolls
 h - a scroll of teleportation
 i - a scroll of fog {unknown}
 k - a scroll of identify {unknown}
Potions
 e - 2 potions of might {unknown}
 f - 3 potions of curing {unknown}
 j - a potion of haste {unknown}
 l - a potion of brilliance {unknown}
Comestibles
 c - 5 rations


   Skills:
 + Level 3.4 Fighting
 + Level 2.1 Axes
 * Level 1.7 Armour
 * Level 1.0 Dodging
 * Level 2.3 Invocations


You had 2 spell levels left.
You didn't know any spells.
Your spell library was empty.

Dungeon Overview and Level Annotations

Branches:
Dungeon (2/15)

Altars:


Innate Abilities, Weirdness & Mutations

You have hooves in place of feet.
Armour fits poorly on your strangely shaped body.
You cover ground very quickly.
You have extremely tough skin. (AC +3)
Scrolls take you a little longer to read.
You are very weak. (Str -4)


Message History

The hobgoblin shouts!
Found an escape hatch in the ceiling.
There is a stone staircase leading up here.
You hit the hobgoblin.
You kill the hobgoblin!
Lugonu accepts your kill. The bat barely misses you.
You hit the bat.
You kill the bat!
Lugonu accepts your kill.
Things that are here:
a bat corpse; a hobgoblin corpse You begin reading the scroll.
You continue reading the scroll.
As you read the scroll labeled TELUUL JANIR, it crumbles to dust.
You feel blessed for a moment.
It was a scroll of remove curse.
Really read with blurry vision while enemies are nearby?
You begin reading the scroll.
You continue reading the scroll.
As you read the scroll labeled QAROTT EWURIMP, it crumbles to dust.
You feel strangely unstable.
It was a scroll of teleportation.
Are you sure you want to abandon this character and quit the game? (Confirm with "yes".)

.........#
..........#
.........#
........#
.......#
#b....<#
#.#..# #<...#
#..@.#
#............
######.......
.......
.......
.......
.......
.......


You could see a bat.

Vanquished Creatures
  A dart slug (D:1)
  2 leopard geckos (D:1)
  A giant cockroach (D:1)
  2 goblins (D:1)
  6 hobgoblins
  2 ball pythons (D:1)
  3 bats
  3 frilled lizards (D:1)
  4 kobolds (D:1)
  4 rats (D:1)
28 creatures vanquished.

Vanquished Creatures (others)
  2 starspawn tentacles (Abyss:2)
2 creatures vanquished.

Grand Total: 30 creatures vanquished

Notes
Turn   | Place    | Note
-------+----------+-------------------------------------------
     0 | Abyss:1  | Gargoyl the Centaur Abyssal Knight began the quest for the
                  | Orb.
     0 | Abyss:1  | Reached XP level 1. HP: 19/19 MP: 2/2
    14 | Abyss:2  | Noticed a tentacled starspawn
    59 | Abyss:3  | Noticed a spatial vortex
    67 | Abyss:3  | Noticed a spatial maelstrom
    67 | Abyss:3  | Noticed a spatial vortex
    72 | Abyss:3  | Noticed a spatial vortex
    77 | Abyss:3  | Noticed a large abomination
    84 | Abyss:3  | Noticed a fire bat
    85 | Abyss:3  | Noticed a fire bat
    86 | Abyss:3  | Noticed a spatial vortex
    86 | Abyss:3  | Noticed a large abomination
    87 | Abyss:3  | Noticed a ynoxinul
   119 | Abyss:3  | Noticed a large abomination
   123 | Abyss:3  | Noticed a fire giant skeleton
   127 | Abyss:3  | Noticed a neqoxec
   127 | Abyss:3  | Gained mutation: Scrolls take you a little longer to read.
                  | [a neqoxec]
   128 | Abyss:3  | Gained mutation: You are weak. (Str -2) [a neqoxec]
   135 | Abyss:3  | Noticed a quasit
   154 | Abyss:3  | Noticed a small abomination
   169 | Abyss:3  | Noticed a large abomination
   169 | Abyss:3  | Gained mutation: You are very weak. (Str -4) [a neqoxec]
   172 | Abyss:3  | Noticed a bone dragon
   173 | D:1      | Escaped the Abyss
   474 | D:1      | Reached * piety under Lugonu
   538 | D:1      | Reached XP level 2. HP: 17/26 MP: 3/3
   969 | D:1      | Reached skill level 1 in Dodging
  1215 | D:1      | Reached XP level 3. HP: 30/31 MP: 4/4
  1268 | D:2      | Quit the game

Levels and vault maps discovered:
D:1:      dpeg_arrival_yet_another_circle, layout_loops_ring,
          minmay_crystal_room, serial_park_tiny_2, minmay_misc_feat_pillars
D:2:      layout_basic

Skill      XL: |  1  2 |
---------------+-------+-----
Axes           | 2 |  2.1
Dodging        | 1 |  1.0
Fighting       | |  3.4
Armour         | |  1.7
Invocations    | |  2.3

Action                   || total
-------------------------++-------
Melee: Hand axe          ||    61
       Kick              ||     2
Invok: Depart the Abyss  ||     1
  Use: Scroll            ||     4
Armor: Leather armour    ||    19
Dodge: Dodged            ||    38

Table legend:
 A = Non-vault XP
 B = Vault XP
 C = Vault XP percentage of total XP
 D = Non-vault monster count
 E = Vault monster count
 F = Vault count percentage of total count
                 A         B        C        D         E       F
            +---------+---------+-------+---------+---------+-------
      Total |      47 |       0 |   0.0 |      28 |       0 |   0.0
            +---------+---------+-------+---------+---------+-------
        D:1 |      44 |       0 |   0.0 |      26 |       0 |   0.0
        D:2 |       3 |       0 |   0.0 |       2 |       0 |   0.0
            +---------+---------+-------+---------+---------+-------
